 Dungeon Crawl Stone Soup version 0.29.0-4-gdea44cf6ec (webtiles) character file.

Game seed: 11948945138083735274

207 Flugkiller the Chopper (level 5, -6/47 HPs)
             Began as a Minotaur Fighter on Aug 26, 2022.
             Shot with an arrow by a centaur (10 damage)
             ... on level 4 of the Dungeon.
             The game lasted 00:01:35 (1876 turns).

Flugkiller the Chopper (Minotaur Fighter)           Turns: 1876, Time: 00:01:36

Health: -6/47      AC: 13    Str: 20    XL:     5   Next: 54%
Magic:  4/4        EV:  5    Int:  3    God:
Gold:   338        SH:  4    Dex: 12    Spells: 4/4 levels left

rFire   . . .      SeeInvis .   a - +0 war axe
rCold   . . .      Faith    .   c - +0 buckler
rNeg    . . .      Spirit   .   l - +1 plate armour
rPois   .          Reflect  .   (helmet restricted)
rElec   .          Harm     .   (no cloak)
rCorr   .          Rampage  .   (no gloves)
Will    .....                   (no boots)
Stlth   ..........              (no amulet)
HPRegen 0.15/turn               (no ring)
MPRegen 0.09/turn               (no ring)

@: flying, hasted, invisible (expiring), very quick
A: horns 2, retaliatory headbutt, hooves 1, dopey 1
a: no special abilities


You were on level 4 of the Dungeon.
You visited 1 branch of the dungeon, and saw 4 of its levels.

You collected 338 gold pieces.

Inventory:

Hand Weapons
 a - a +0 war axe (weapon)
Armour
 b - a +0 scale mail
 c - a +0 buckler (worn)
 l - a +1 plate armour (worn)
   (You found it on level 1 of the Dungeon)
Jewellery
 k - a ring of flight
   (You found it on level 2 of the Dungeon)
 n - a ring of fire
   (You found it on level 2 of the Dungeon)
 x - a ring of magical power
   (You found it on level 4 of the Dungeon)
 z - the ring "Mantiero" {Fire Str+6 Int+4 Slay+3}
   (You found it on level 4 of the Dungeon)

   [ring of fire]

   It enhances your fire magic.
   Str:       It affects your strength (+6).
   Int:       It affects your intelligence (+4).
   Slay:      It affects your accuracy & damage with ranged weapons and melee
   (+3).
   rF:        It protects you from fire.
   rC:        It makes you vulnerable to cold.
Scrolls
 e - a scroll of butterflies
 g - 3 scrolls of enchant armour
 j - a scroll of torment {unknown}
 m - a scroll of blinking {unknown}
 o - a scroll of magic mapping {unknown}
 r - 2 scrolls of identify
 s - a scroll of amnesia {unknown}
 t - a scroll of fear {unknown}
 v - 3 scrolls of teleportation {unknown}
 y - a scroll of poison {unknown}
Potions
 d - a potion of might
 f - a potion of invisibility
 u - a potion of lignification {unknown}
 w - a potion of brilliance {unknown}


   Skills:
 + Level 4.8 Fighting
 * Level 5.3 Axes
 + Level 4.9 Armour
 - Level 3.6 Shields


You had 4 spell levels left.
You didn't know any spells.
Your spell library was empty.

Dungeon Overview and Level Annotations

Branches:
Dungeon (4/15)
 Temple: D:4-7

Altars:


Innate Abilities, Weirdness & Mutations

You have a pair of horns on your head.
You reflexively headbutt those who attack you in melee.
You have large cloven feet.
You are dopey. (Int -2)


Message History

You kill the orc!
The orc hits you but does no damage. x2
Your Axes skill increases to level 5!
You have reached level 5!
You miss something. You barely miss the hound. You hit the orc.
You closely miss the orc. The hound bites you but does no damage.
The orc hits you but does no damage. The orc hits you with a +0 falchion.
You block something's attack. The hound bites you but does no damage.
The goblin shoots a sling bullet.
The sling bullet hits you but does no damage.
You hear a shout!
You hit the orc.
The orc is almost dead.
You miss something. You slash the orc!
You kill the orc!
You miss the hound. The hound bites you but does no damage.
Something hits you but does no damage. You block the orc's attack.
A centaur comes into view.
The goblin shoots a sling bullet.
The sling bullet hits you. You block the hound's attack.
You catch the helpless orc completely off-guard!
You slash the orc!
You kill the orc!
You closely miss the hound. You slash something!
The centaur shouts!
The centaur wields a +0 shortbow.
The centaur shoots an arrow.
The arrow barely misses you. The hound bites you but does no damage.
Something hits you but does no damage.
The goblin shoots a sling bullet.
The sling bullet hits you but does no damage.
The hound bites you but does no damage. The orc hits you with a +0 dagger.
Something hits you but does no damage.
You hit the hound but do no damage. You headbutt the hound.
The hound is almost dead.
You barely miss the orc. You closely miss something.
The centaur shoots an arrow.
The arrow barely misses you. The hound bites you. Something hits you.
You block the orc's attack. The hound bites you but does no damage.
The goblin shoots a sling bullet.
The sling bullet hits you.
You closely miss the hound. You headbutt the hound.
You kill the hound!
You hit the orc. You barely miss something.
An orc wizard appears from thin air!
Reactivating autopickup.
The centaur shoots an arrow.
The arrow hits you.
The orc wizard hits you but does no damage.
The orc hits you but does no damage.
The goblin shoots a sling bullet.
The sling bullet barely misses you.
The sling bullet closely misses the orc wizard.
You are too injured to fight recklessly!
You are too injured to fight recklessly!
You are too injured to fight recklessly!
You are too injured to fight recklessly!
You are too injured to fight recklessly!
You are too injured to fight recklessly!
You are too injured to fight recklessly!
Unknown command.
The centaur shoots an arrow.
The arrow hits the orc wizard!
The orc wizard dies!
The goblin shoots a sling bullet.
The sling bullet hits the orc.
The centaur shoots an arrow.
The centaur shoots an arrow.
The arrow barely misses you.
The goblin shoots a sling bullet.
The centaur shoots an arrow.
The arrow hits you.
* * * LOW HITPOINT WARNING * * *
The centaur shoots an arrow.
The arrow hits you.
* * * LOW HITPOINT WARNING * * *
The centaur shoots an arrow.
The arrow hits you!
* * * LOW HITPOINT WARNING * * *
You feel better.
The centaur shoots an arrow.
The arrow hits you!
* * * LOW HITPOINT WARNING * * *
The centaur shoots an arrow.
The arrow hits you.
* * * LOW HITPOINT WARNING * * *
You aren't carrying any items that you can evoke.
Unknown command.
Okay, then.
It was a potion of mutation.
You feel extremely strange.
Your feet thicken and deform.
You feel stupid.
The centaur shoots an arrow.
The arrow closely misses you.
The centaur shoots an arrow. x2
As you read the scroll labelled HYTUTAKKUT, it crumbles to dust.
It is a scroll of enchant armour.
Your +0 plate armour glows green for a moment.
As you read the scroll labelled CIXKEM JIBLEM, it crumbles to dust.
You hear the tinkle of a tiny bell.
It was a scroll of butterflies.
Unknown command.
You swap places.
As you read the scroll labelled IMUSAM ZYXKOL, it crumbles to dust.
It is a scroll of identify.
l - a potion of haste;
h - a potion of haste;
l - a +1 plate armour (worn)
r - 2 scrolls of identify;
j - a scroll labelled FETEPR KEDEMP Something closely misses your butterfly.
Something misses your butterfly.
You feel yourself speed up.
It was a potion of flight.
You feel very buoyant.
You fly up into the air.
You flicker for a moment.
The centaur wields a +0 shortbow.
The centaur shoots an arrow.
The arrow hits you!
You die...

.<.....~≈....##..##............
.).~≈≈8~~~.................##..
~~~~≈8≈≈≈##......#........## #
~≈~≈≈#≈≈~##†.....##......##
~~≈≈≈≈≈~.#..g............#
≈~~~~≈~~.†..c.....c.......
≈~≈~~~~.....######..b......
≈~~~~....†..#.#.##cb..#....
~~##.....##..b@..b..#
#...........bb##.#
..###ow#......bb### .#
......)g)w....bb.. #
......)))..$.b.b..
.......).)...b....
........#.....#...
.......##..##.##... .......
.... ## ..


You could see a centaur (unable to see you) and a dart slug (unable to see you).

Vanquished Creatures
  A hound (D:4)
  An iguana (D:4)
  An orc wizard (D:4)
  3 adders
  6 dart slugs
  7 orcs (D:4)
  6 ball pythons
  3 endoplasms
  2 giant cockroaches
  3 goblins
  7 hobgoblins
  2 quokkas (D:1)
  5 bats
  3 frilled lizards (D:1)
  9 kobolds
  6 rats
  A toadstool (D:2)
66 creatures vanquished.

Vanquished Creatures (others)
  An orc wizard (D:4)
  A fungus (D:2)
  3 toadstools (D:2)
5 creatures vanquished.

Grand Total: 71 creatures vanquished

Notes
Turn   | Place    | Note
-------+----------+-------------------------------------------
     0 | D:1      | Flugkiller the Minotaur Fighter began the quest for the
                  | Orb.
     0 | D:1      | Reached XP level 1. HP: 19/19 MP: 0/0
   135 | D:1      | Reached skill level 3 in Axes
   135 | D:1      | Reached XP level 2. HP: 26/27 MP: 1/1
   335 | D:1      | Found a faded altar of an unknown god.
   536 | D:1      | Reached XP level 3. HP: 33/33 MP: 2/2
   729 | D:2      | Identified the +6 dagger of Exoneration {vamp, rPois Str+3}
  1237 | D:3      | Reached skill level 4 in Axes
  1404 | D:3      | Reached XP level 4. HP: 37/40 MP: 3/3
  1829 | D:4      | Identified the ring "Mantiero" {Fire Str+6 Int+4 Slay+3}
  1850 | D:4      | Reached skill level 5 in Axes
  1850 | D:4      | Reached XP level 5. HP: 38/47 MP: 4/4
  1851 | D:4      | Noticed a centaur
  1867 | D:4      | Gained mutation: You have large cloven feet. [potion of
                  | mutation]
  1867 | D:4      | Gained mutation: You are dopey. (Int -2) [potion of
                  | mutation]
  1876 | D:4      | Shot with an arrow by a centaur

Illustrated notes

Levels and vault maps discovered:
D:1:      erik_arrival_blinker_ship, layout_basic,
          shapermc_ecumenical_altar_totnotflames
D:2:      layout_rooms, minmay_gold_behind_fungi
D:3:      layout_basic
D:4:      kennysheep_slugbush, layout_cave_pools, chequers_jeans,
          grunt_ministairs_7, hangedman_decor_growths

Skill      XL: |  1  2  3  4 |
---------------+-------------+-----
Axes           | 3 4 5 |  5.3
Fighting       | 4 |  4.8
Armour         | 4 |  4.9
Shields        | |  3.6

Action                   |  1- 3 |  4- 6 || total
-------------------------+-------+-------++-------
Melee: War axe           |    83 |    44 ||   127
       Headbutt          |     5 |     6 ||    11
  Use: Potion            |       |     6 ||     6
       Scroll            |       |     3 ||     3
 Stab: Invisible         |       |     3 ||     3
Armor: Scale mail        |    20 |       ||    20
       Plate armour      |    23 |    62 ||    85
Dodge: Dodged            |    30 |    25 ||    55
Block: Buckler           |    19 |    19 ||    38
